 Seeded DCSS version 0.29-a0-870-g2c972031a6 (webtiles) character file.

Game seed: 20220717 (custom seed)

1187 muata the Cleaver (level 8, -2/58 HPs)
             Began as an Octopode Berserker on July 17, 2022.
             Was a Priest of Trog.
             Succumbed to a gnoll sergeant's poison
             ... on level 6 of the Dungeon.
             The game lasted 00:16:04 (5169 turns).

muata the Cleaver (Octopode Berserker)              Turns: 5169, Time: 00:16:05

Health: -2/58      AC:  5    Str: 19    XL:     8   Next: 43%
Magic:  8/8        EV: 13    Int:  9    God:    Trog [***...]
Gold:   305        SH:  5    Dex: 11    Spells: 7/7 levels left

rFire   + . .      SeeInvis .   w - +0 hand axe (vamp)
rCold   x . .      Faith    .   (no shield)
rNeg    . . .      Spirit   .   (helmet restricted)
rPois   .          Reflect  +   q - amulet of reflection
rElec   .          Harm     .   l - +4 ring of protection
rCorr   .          Rampage  .   x - ring of fire
Will    .....                   (no ring)
Stlth   ++........              (no ring)
HPRegen 0.19/turn               (no ring)
MPRegen 0.11/turn               (no ring)
                                (no ring)
                                (no ring)

@: lethally poisoned (-2 -> -18), on berserk cooldown, slowed, very slow
A: almost no armour, amphibious, 8 rings, camouflage 1, gelatinous body 1,
(nimble swimmer 1), tentacles
a: Renounce Religion, Berserk, Trog's Hand


You were on level 6 of the Dungeon.
You worshipped Trog.
Trog was most pleased with you.
You visited 1 branch of the dungeon, and saw 6 of its levels.
You also visited: Ossuary.

You collected 305 gold pieces.

Inventory:

Hand Weapons
 a - a +0 hand axe
 g - a +1 dagger of protection
 w - a +0 vampiric hand axe (weapon)
 y - a +2 short sword of electrocution
Missiles
 t - 5 javelins (quivered)
 u - 14 poisoned darts
Jewellery
 f - an amulet of guardian spirit
 i - a +6 ring of strength
 l - a +4 ring of protection (left tentacle)
 q - an amulet of reflection (around mantle)
 x - a ring of fire (right tentacle)
Wands
 z - a wand of digging (14)
Scrolls
 e - 2 scrolls of amnesia {unknown}
 h - 3 scrolls of poison {unknown}
 j - 2 scrolls of teleportation {unknown}
 k - 2 scrolls of enchant weapon {unknown}
 m - 2 scrolls of fear {unknown}
 n - a scroll of vulnerability {unknown}
 o - 5 scrolls of identify {unknown}
 r - 3 scrolls of silence {unknown}
 s - 2 scrolls of immolation {unknown}
 v - a scroll of magic mapping {unknown}
 A - 2 scrolls of summoning {unknown}
Potions
 b - a potion of flight {unknown}
 c - 3 potions of mutation
 d - 2 potions of might {unknown}
 p - a potion of berserk rage {unknown}
 B - a potion of magic {unknown}
 C - 3 potions of heal wounds {unknown}
 D - 4 potions of curing {unknown}
 E - a potion of ambrosia {unknown}
 F - 2 potions of attraction {unknown}


   Skills:
 - Level 6.3 Fighting
 + Level 8.6 Axes
 - Level 3.0 Dodging


You had 7 spell levels left.
You didn't know any spells.
Your spell library was empty.

Dungeon Overview and Level Annotations

Branches:
Dungeon (6/15)            Ossuary (visited)
 Temple: D:4-7

Altars:
Fedhas
Kikubaaqudgha

Shops:
D:2 =   D:5 (


Innate Abilities, Weirdness & Mutations

You cannot wear most types of armour.
You are amphibious.
You can wear up to eight rings at the same time.
Your skin changes colour to match your surroundings (Stealth+).
Your rubbery body absorbs attacks. (AC +1, EV +1)
((You are camouflaged when in or above water. (Stealth+)))
You have tentacles for arms and can constrict up to eight enemies at once.


Message History

The gnoll sergeant hits you from afar with a +0 spear of venom!
You are poisoned.
You feel a strong urge to attack something.
You feel the effects of Trog's Hand fading.
You feel sick.
You are no longer berserk.
You are exhausted.
You feel yourself slow down.
You feel sick.
Things that are here:
a +0 rapier; a +0 leather armour; the human corpse of Eustachio You feel sick.
You feel sick.
You feel sick.
The gnoll sergeant hits you but does no damage.
Okay, then.
Your skin stops crawling.
You feel less strong-willed.
You feel sick.
You feel sick.
You are no longer poisoned.
The gnoll sergeant hits you from afar with a +0 spear of venom!
You are poisoned.
You feel very sick.
You feel very sick. The gnoll sergeant misses you.
You feel sick.
You see here a scarf of resistance.
You feel sick. The gnoll sergeant barely misses you.
You feel sick.
You feel sick.
You are no longer poisoned.
The gnoll sergeant hits you from afar with a +0 spear of venom.
You are poisoned.
You feel very sick.
You feel sick.
The gnoll sergeant hits you from afar with a +0 spear of venom.
* * * LOW HITPOINT WARNING * * *
You are lethally poisoned!
* * * LOW HITPOINT WARNING * * *
You feel extremely sick.
You die...

####.##########.#
#.# #[# ###g#
#g..# #.###
#g#### #....#
####@# #.# #.#
#.# #.# #.# #.#
#.# #.#


You could see a gnoll sergeant.

Vanquished Creatures
  The ghost of Brotato the Sneak, an amateur SpBr (D:3)
  Eustachio (D:6)
  An ice beast (D:6)
  A black bear (D:5)
  2 ogres
  2 scorpions
  A centaur zombie (Ossuary)
  A human zombie (Ossuary)
  Terence (D:2)
  2 iguanas
  A scorpion simulacrum (D:3)
  4 mummies (Ossuary)
  Robin (D:3)
  7 adders
  A hound simulacrum (D:3)
  A shadow imp (D:5)
  3 white imps
  3 ufetubi
  2 worms (D:3)
  2 dart slugs (D:2)
  2 adder simulacra (D:3)
  6 orcs
  7 ball pythons
  3 endoplasms
  5 giant cockroaches
  11 goblins
  11 hobgoblins
  3 jackals (D:1)
  3 quokkas
  A ball python simulacrum (D:3)
  3 bats (D:2)
  3 frilled lizards
  3 hobgoblin zombies (Ossuary)
  12 kobolds
  2 kobold zombies (Ossuary)
  An orc zombie (Ossuary)
  3 rats
117 creatures vanquished.

Vanquished Creatures (others)
  2 demonic plants (D:5)
2 creatures vanquished.

Grand Total: 119 creatures vanquished

Notes
Turn   | Place    | Note
-------+----------+-------------------------------------------
     0 | D:1      | muata the Octopode Berserker began the quest for the Orb.
     0 | D:1      | Reached XP level 1. HP: 16/16 MP: 1/1
   224 | D:1      | Reached XP level 2. HP: 8/21 MP: 2/2
   913 | D:1      | Found a faded altar of an unknown god.
  1038 | D:2      | Reached XP level 3. HP: 18/26 MP: 3/3
  1315 | D:2      | Noticed Terence
  1324 | D:2      | Killed Terence
  1326 | D:2      | Reached ** piety under Trog
  1327 | D:2      | Reached XP level 4. HP: 21/33 MP: 4/4
  1471 | D:2      | Found Tiun's Jewellery Emporium.
  1504 | D:2      | Reached skill level 4 in Axes
  2189 | D:3      | Noticed Robin
  2204 | D:3      | Killed Robin
  2215 | D:3      | Reached XP level 5. HP: 38/38 MP: 3/5
  2308 | D:3      | Noticed Brotato's ghost (amateur SpBr)
  2336 | D:3      | Found a runed translucent gate.
  2336 | D:3      | Found a runed translucent gate.
  2336 | D:3      | Found a runed translucent gate.
  2853 | D:3      | Killed Brotato's ghost
  2854 | D:3      | Reached skill level 5 in Fighting
  2854 | D:3      | Reached skill level 5 in Axes
  2854 | D:3      | Reached XP level 6. HP: 45/45 MP: 6/6
  3039 | D:4      | Reached *** piety under Trog
  3115 | D:4      | HP: 2/46 [ogre/+0 giant spiked club (25)]
  3119 | D:4      | Reached XP level 7. HP: 4/51 MP: 7/7
  3314 | D:4      | Found a blossoming altar of Fedhas.
  3315 | D:4      | Found an ancient bone altar of Kikubaaqudgha.
  3335 | D:4      | Reached skill level 6 in Axes
  3346 | D:4      | Found a sand-covered staircase.
  3351 | Ossuary  | Entered an ossuary
  4138 | D:5      | Entered Level 5 of the Dungeon
  4727 | D:5      | Reached skill level 7 in Axes
  4727 | D:5      | Reached XP level 8. HP: 58/58 MP: 8/8
  4820 | D:5      | Found Pibeot's Antique Weapon Shop.
  4830 | D:5      | Identified the +2 leather armour "Cagruhin" {Dex+2}
  4971 | D:6      | Reached skill level 8 in Axes
  5138 | D:6      | Noticed Eustachio
  5151 | D:6      | Killed Eustachio
  5168 | D:6      | HP: 2/58 [poisoned by a gnoll sergeant]
  5169 | D:6      | Succumbed to a gnoll sergeant's poison

Illustrated notes

Levels and vault maps discovered:
D:1:      reono_arrival_mine, layout_loops_cross,
          shapermc_ecumenical_altar_ellora
D:2:      layout_basic, serial_curves, eino_curves_01, eino_curves_03,
          serial_shops, nicolae_shop_crystal, kennysheep_generic_room_10,
          uniq_terence
D:3:      layout_basic, gammafunk_ghost_icy, item_on_display_a, uniq_robin
D:4:      layout_cave_pools, grunt_temple_overflow_growth_and_decay,
          nicolae_ossuary_entry_plus
D:5:      layout_rooms, serial_demonic, serial_demonic_f, serial_demonic_e,
          serial_demonic_b, serial_demonic_f, serial_shops, shop,
          bh_walls_and_bars
D:6:      layout_basic, gammafunk_temple_overflow_claw, serial_shops,
          kennysheep_mini, uniq_eustachio

Skill      XL: |  1  2  3  4  5  6  7  8 |
---------------+-------------------------+-----
Fighting       | 4 5 6 |  6.3
Axes           | 4 5 7 8 |  8.6
Dodging        | |  3.0

Action                   |  1- 3 |  4- 6 |  7- 9 || total
-------------------------+-------+-------+-------++-------
Melee: Hand axe          |    18 |    48 |   118 ||   184
       Tentacles         |    11 |    14 |    28 ||    53
       Dagger            |    41 |    64 |       ||   105
       Constrict         |    17 |    30 |    28 ||    75
       Punch             |       |     2 |     2 ||     4
Throw: Javelin           |       |     4 |       ||     4
Invok: Berserk           |     1 |     4 |     3 ||     8
       Trog's Hand       |       |       |     1 ||     1
 Stab: Sleeping          |     2 |     7 |     5 ||    14
       Distracted        |       |       |     1 ||     1
Armor: Skin              |     9 |    33 |    23 ||    65
Dodge: Dodged            |    40 |    52 |    69 ||   161
Block: Other             |       |     5 |    26 ||    31
       Reflection        |       |       |     1 ||     1

Table legend: (Time is in decaauts)
 A = Elapsed time spent in this place.
 B = Non-inter-level travel time spent in this place.
 C = Inter-level travel time spent in this place.
 D = Time resting spent in this place.
 E = Time spent auto-exploring this place.
 F = Levels seen in this place.
 G = Mean time per level.
                   A        B        C        D        E       F      G
               +--------+--------+--------+--------+--------+-----+--------+
         Total |   5229 |   5093 |    136 |   1125 |   2668 |   7 |  747.0 |
       Dungeon |   4824 |   4688 |    136 |    984 |   2665 |   6 |  804.0 |
       Ossuary |    404 |    404 |      0 |    140 |      3 |   1 |  404.0 |
               +--------+--------+--------+--------+--------+-----+--------+

Top non-repeatable levels by time:
     D:3: 1113 daAuts
     D:1: 1026 daAuts
     D:2: 908 daAuts
     D:5: 817 daAuts
     D:4: 743 daAuts
 Ossuary: 404 daAuts
     D:6: 215 daAuts
